 Dungeon Crawl Stone Soup version 0.19-a0-1553-g64c24c3 (webtiles) character file.

127 TheGoonsmith the Magician (level 4, -3/24 HPs)
             Began as a Deep Elf Fire Elementalist on Sept 14, 2016.
             Slain by an orc
             ... wielding a +0 trident
              (9 damage)
             ... on level 3 of the Dungeon.
             The game lasted 00:04:40 (2368 turns).

TheGoonsmith the Magician (DEFE)                    Turns: 2368, Time: 00:04:41

Health: -3/24      AC:  3    Str:  5    XL:     4   Next: 85%
Magic:  6/12       EV: 13    Int: 21    God:
Gold:   160        SH:  0    Dex: 15    Spells: 3 memorised, 3 levels left

rFire  . . .     SeeInvis .     r - +2 whip (drain)
rCold  . . .     Gourm    .     a - +0 robe
rNeg   . . .     Faith    .     (no shield)
rPois  .         Spirit   .     (no helmet)
rElec  .         Dismiss  .     o - +0 cloak
rCorr  .         Reflect  .     (no gloves)
MR     .....     Harm     .     (no boots)
Stlth  ++........               (no amulet)
                                (no ring)
                                (no ring)

@: no status effects
A: no striking features
a: no special abilities


You were on level 3 of the Dungeon.
You were not hungry.

You visited 1 branch of the dungeon, and saw 3 of its levels.

You collected 160 gold pieces.

Inventory:

Hand Weapons
 q - a +0 club
 r - a +2 whip of draining (weapon)
Armour
 a - a +0 robe (worn)
 o - a +0 cloak (worn)
Jewellery
 p - an uncursed ring of poison resistance {unknown}
Wands
 i - a wand of flame (16/48)
Scrolls
 f - 2 scrolls of recharging {unknown}
 g - a scroll of immolation {unknown}
 k - 2 scrolls of identify {unknown}
 l - a scroll of noise {unknown}
Potions
 e - 2 potions of curing {unknown}
 h - a potion of flight {unknown}
 j - a potion of mutation {unknown}
 s - a potion of cancellation {unknown}
 t - 2 potions of lignification {unknown}
Books
 b - a book of Flames

   Spells                             Type                      Level
   a - Flame Tongue                   Conjuration/Fire             1
   b - Throw Flame                    Conjuration/Fire             2
   c - Conjure Flame                  Conjuration/Fire             3
   d - Inner Flame                    Hexes/Fire                   3
   e - Sticky Flame                   Conjuration/Fire             4
   f - Fireball                       Conjuration/Fire             5
Comestibles
 c - 3 bread rations
 d - a meat ration
 m - 2 fruits
 n - a royal jelly


   Skills:
 - Level 2.4 Dodging
 - Level 2.4 Stealth
 + Level 4.4 Spellcasting
 * Level 3.7 Conjurations
 + Level 4.1 Fire Magic


You had 3 spell levels left.
You knew the following spells:

 Your Spells              Type           Power        Failure   Level  Hunger
a - Flame Tongue          Conj/Fire      ###..        1%          1    None
c - Conjure Flame         Conj/Fire      ###.....     10%         3    ##.....
s - Sticky Flame          Conj/Fire      ###.....     24%         4    ####...


Dungeon Overview and Level Annotations

Branches:
Dungeon (3/15)

Altars:

Annotations:
D:3 Svalin's ghost, amateur FoFi


Message History

Aim: an orc priest, wielding a club and wearing a leather armour (moderately wounded)
The flame tongue misses the orc priest.
The orc priest looks braver for a moment.
Casting: Flame Tongue
Confirm with . or Enter, or press ? or * to list all spells.
Aiming: Flame Tongue
Press: ? - help, Shift-Dir - straight line, f/p - orc priest
Aim: an orc priest, wielding a club and wearing a leather armour (moderately wounded)
The flame tongue misses the orc priest.
The orc priest barely misses you.
Casting: Flame Tongue
Confirm with . or Enter, or press ? or * to list all spells.
Aiming: Flame Tongue
Press: ? - help, Shift-Dir - straight line, f/p - orc priest
Aim: an orc priest, wielding a club and wearing a leather armour (moderately wounded)
The flame tongue hits the orc priest.
The orc priest is heavily wounded.
The orc wizard hits you with a vampiric dagger.
* * * LOW HITPOINT WARNING * * *
The orc hits you from afar with a trident!
You die...

#.####.##.# #..#
.......##.###<.# ..
#.####......(........
#.####.##.####.##>###
..........# #.# .##
#.######### #.. .. #.#
####.######
#.###############o......
#...............@oo.....
########################


You could see an orc priest, an orc wizard and an orc.

Vanquished Creatures
  A hound (D:3)
  3 gnolls (D:2)
  An adder (D:3)
  2 dart slugs (D:2)
  3 giant geckos
  A ball python (D:1)
  2 giant cockroaches
  5 goblins
  5 hobgoblins
  3 jackals (D:2)
  10 kobolds
  7 bats
  4 frilled lizards
  5 rats
52 creatures vanquished.

Notes
Turn   | Place    | Note
-------+----------+-------------------------------------------
     0 | D:1      | TheGoonsmith the Deep Elf Fire Elementalist began the quest for the Orb.
     0 | D:1      | Reached XP level 1. HP: 10/10 MP: 6/6
    88 | D:1      | Reached XP level 2. HP: 15/15 MP: 0/8
   878 | D:2      | Reached XP level 3. HP: 19/19 MP: 6/10
  1627 | D:2      | Reached XP level 4. HP: 15/24 MP: 4/12
  2240 | D:3      | Noticed Svalin's ghost (amateur FoFi)
  2312 | D:3      | Learned a level 4 spell: Sticky Flame
  2316 | D:3      | Learned a level 3 spell: Conjure Flame
  2368 | D:3      | Slain by an orc

Vault maps used:
D:1:      minmay_arrival_semitransparent
D:3:      yredelemnul_altar_generic

Skill      XL: |  1  2  3  4 |
---------------+-------------+-----
Conjurations   | 2 3 |  3.7
Spellcasting   | 4 |  4.4
Fire Magic     | 4 |  4.1
Dodging        | |  2.4
Stealth        | |  2.4

Action                   |  1- 3 |  4- 6 || total
-------------------------+-------+-------++-------
 Cast: Flame Tongue      |    78 |    30 ||   108
  Eat: Chunk             |     2 |     2 ||     4
Armor: Robe              |     3 |     1 ||     4
Dodge: Dodged            |    21 |     3 ||    24
